Map: Fields of Death

Players

TimeTwist - Winner!

  • Race: Zerg Zerg
  • Spawn Location: 7:00

Scaramanga

  • Race: Terran Terran
  • Spawn Location: 12:00

dallaskuken

  • Race: Protoss Protoss
  • League: Platinum
  • Spawn Location: 12:00

Loken - Winner!

  • Race: Protoss Protoss
  • League: Platinum
  • Spawn Location: 6:00

VOD

Have the link to the VOD?

Description

Time

  • Played on: March 15, 2017, 7:17 p.m.
  • Length: 5:20
Show
View Real Time Build Order
Export as new Build Order

TimeTwist Zerg - Winner!

Build Orders: Hatch First, Zergling Baneling 

Get SALT Encoding   

  12  0:01  Drone  
  13  0:14  Overlord  
  13  0:28  Drone  
  14  0:32  Drone x2  
  16  0:41  Drone  
  17  0:47  Extractor  
  16  0:52  Drone  
  17  1:01  Drone  
  18  1:07  Hatchery  
  17  1:18  Spawning Pool  
  16  1:22  Drone  
  17  1:27  Drone  
  18  1:35  Drone  
  19  1:44  Drone  
  20  1:55  Overlord  
  20  2:04  Queen  
  22  2:17  Zergling x4  
  22  2:21  Queen  
  26  2:25  Metabolic Boost  
  26  2:30  Drone  
  26  2:33  Drone x2  
  29  2:41  Drone x2  
  31  2:54  Overlord  
  31  2:56  Queen  
  33  3:07  Baneling Nest  
  32  3:14  Zergling x10  
  32  3:15  Zergling x6  
  40  3:23  Overlord  
  40  3:26  Queen  
  42  3:41  Zergling x4  
  42  3:42  Zergling x6  
  47  4:04  Spine Crawler  
  47  4:07  Baneling x4  
  47  4:08  Baneling x4  
  46  4:18  Spine Crawler  
  46  4:20  Baneling  
  46  4:23  Zergling x14  
  52  4:25  Overlord  
Show
View Real Time Build Order
Export as new Build Order

Scaramanga Terran 

Build Orders:  

Get SALT Encoding   

  12  0:01  SCV  
  13  0:13  SCV  
  14  0:19  Supply Depot  
  14  0:25  SCV  
  15  0:41  SCV  
  16  0:49  Barracks  
  16  0:53  SCV  
  17  0:59  Barracks  
  17  1:08  SCV  
  18  1:21  SCV  
  19  1:39  Marine  
  19  1:41  Command Center  
  19  1:46  Orbital Command  
  20  1:49  Marine  
  21  1:57  Supply Depot  
  21  2:00  Marine  
  22  2:15  SCV  
  23  2:18  Marine x2  
  25  2:27  Bunker  
  25  2:30  SCV  
  25  2:34  Refinery  
  25  2:35  Refinery  
  26  2:41  Marine  
  26  2:42  SCV, Marine  
  29  2:54  SCV  
  29  2:56  Supply Depot  
  30  3:01  Orbital Command  
  30  3:04  Marine x2  
  32  3:06  SCV  
  33  3:19  SCV  
  34  3:27  SCV  
  34  3:31  SCV, Factory  
  34  3:32  Barracks Tech Lab  
  36  3:35  Engineering Bay  
  36  3:38  Marine  
  37  3:50  SCV  
  37  3:51  SCV  
  39  4:03  SCV  
  39  4:04  SCV  
  39  4:08  Refinery  
  41  4:15  Missile Turret, SCV  
  41  4:16  SCV  
  43  4:18  Factory Reactor  
  43  4:32  SCV x2  
  45  4:39  Starport  
  45  4:44  SCV x2  
  37  4:54  Hellion x2  
  37  4:57  Marauder, Marine  
Show
View Real Time Build Order
Export as new Build Order

dallaskuken Protoss 

Build Orders: Oracle Opening 

Get SALT Encoding   

  12  0:01  Probe (Chrono Boost)  
  13  0:12  Probe (Chrono Boost)  
  14  0:18  Pylon  
  14  0:24  Probe (Chrono Boost)  
  15  0:37  Probe (Chrono Boost)  
  16  0:46  Gateway  
  16  0:47  Probe (Chrono Boost)  
  17  0:58  Probe (Chrono Boost)  
  18  1:08  Pylon, Probe (Chrono Boost)  
  19  1:19  Probe (Chrono Boost)  
  20  1:30  Forge  
  20  1:34  Zealot  
  20  1:38  Assimilator  
  22  1:49  Probe (Chrono Boost)  
  22  1:50  Cybernetics Core  
  23  2:00  Probe (Chrono Boost)  
  24  2:03  Assimilator  
  24  2:10  Probe (Chrono Boost)  
  24  2:11  Photon Cannon  
  25  2:21  Probe (Chrono Boost)  
  26  2:31  Probe (Chrono Boost)  
  27  2:44  Pylon  
  27  2:47  Nexus  
  27  2:49  Pylon  
  27  2:51  Stalker  
  30  2:58  Probe (Chrono Boost)  
  30  3:07  Stargate  
  30  3:09  Probe (Chrono Boost)  
  33  3:20  Mothership Core (Chrono Boost)  
  33  3:23  Pylon  
  33  3:24  Adept  
  35  3:38  Probe (Chrono Boost)  
  35  3:40  Gateway  
  36  3:48  Probe (Chrono Boost)  
  36  3:50  Oracle  
  40  4:00  Probe x2 (Chrono Boost)  
  42  4:11  Pylon  
  42  4:12  Probe (Chrono Boost)  
  43  4:18  Probe (Chrono Boost)  
  43  4:24  Probe (Chrono Boost)  
  45  4:29  Probe (Chrono Boost)  
  46  4:35  Photon Cannon  
  46  4:36  Probe (Chrono Boost)  
  46  4:37  Stalker  
  46  4:38  Photon Cannon  
  49  4:39  Probe (Chrono Boost)  
Show
View Real Time Build Order
Export as new Build Order

Loken Protoss - Winner!

Build Orders:  

Get SALT Encoding   

  12  0:01  Probe (Chrono Boost)  
  13  0:12  Probe (Chrono Boost)  
  14  0:18  Pylon  
  14  0:22  Probe (Chrono Boost)  
  15  0:36  Probe (Chrono Boost)  
  15  0:41  Gateway  
  16  0:48  Probe (Chrono Boost)  
  17  0:54  Assimilator  
  17  0:58  Probe (Chrono Boost)  
  18  1:05  Gateway  
  18  1:16  Probe (Chrono Boost)  
  19  1:25  Pylon  
  19  1:29  Cybernetics Core  
  19  1:32  Probe (Chrono Boost)  
  20  1:34  Zealot  
  22  1:42  Probe (Chrono Boost)  
  22  1:46  Gateway  
  23  1:52  Warp Gate  
  23  1:58  Zealot  
  25  2:06  Stalker  
  27  2:25  Stalker  
  28  2:36  Stalker  
  30  2:38  Assimilator  
  30  2:49  Pylon  
  30  3:06  Stalker  
  30  3:07  Zealot  
  30  3:09  Probe (Chrono Boost)  
  30  3:12  Stalker  
  37  3:17  Pylon  
  37  3:23  Probe (Chrono Boost)  
  38  3:56  Nexus  
  38  3:58  Probe (Chrono Boost)  
  39  4:07  Stalker x3  
  45  4:31  Probe (Chrono Boost)  
  46  4:35  Pylon  
  46  4:39  Pylon  
  40  5:14  Stalker  
  40  5:15  Stalker x2  
Tags
 
Add a new tag
Caveats
  • Supply blocks, unpowered buildings, or Contaminate may cause inaccurate times.
  • Supply counts are checked every 10 seconds.